 Dungeon Crawl Stone Soup version 0.28.0-43-g3370ac3207 (webtiles) character file.

Game seed: 13932857319761511365

1549 weregamer the Basher (level 8, -2/67 (71) HPs)
             Began as a Minotaur Berserker on Mar 29, 2022.
             Was a Priest of Trog.
             Slain by a wight
             ... wielding a +4 battleaxe of freezing
              (4 damage)
             ... on level 7 of the Dungeon.
             The game lasted 00:23:15 (4530 turns).

weregamer the Basher (Minotaur Berserker)           Turns: 4530, Time: 00:23:15

HP:   -2/67 (71)    AC: 17    Str: 24    XL:     8   Next: 57%
MP:   7/7           EV:  7    Int:  4    God:    Trog [***...]
Gold: 200           SH:  0    Dex: 10    Spells: 7/7 levels left

rFire   . . .      SeeInvis .   r - +8 flail
rCold   . . .      Faith    +   (no shield)
rNeg    . . .      Spirit   .   d - +0 plate armour
rPois   .          Reflect  .   (helmet restricted)
rElec   .          Harm     .   s - +0 cloak
rCorr   .          Rampage  .   x - +0 pair of gloves
Will    ++...                   p - +1 pair of boots
Stlth   ..........              j - amulet of faith
HPRegen 1.21/turn               (no ring)
MPRegen 0.10/turn               (no ring)

@: strong-willed, on berserk cooldown, regenerating, slowed, drained, very slow
A: horns 2, retaliatory headbutt
a: Renounce Religion, Berserk, Trog's Hand


You were on level 7 of the Dungeon.
You worshipped Trog.
Trog was most pleased with you.
You visited 1 branch of the dungeon, and saw 7 of its levels.

You collected 200 gold pieces.

Inventory:

Hand Weapons
 a - a +0 mace
 r - a +8 flail (weapon)
 u - a +0 giant spiked club
Missiles
 l - 2 throwing nets
Armour
 b - a +0 animal skin
 c - a scarf of repulsion
 d - a +0 plate armour (worn)
 o - a +0 helmet
 p - a +1 pair of boots (worn)
 s - a +0 cloak (worn)
 x - a +0 pair of gloves (worn)
Jewellery
 j - an amulet of faith (around neck)
 w - a ring of willpower
Wands
 e - a wand of acid (8)
 y - a wand of iceblast (7)
Scrolls
 g - 5 scrolls of teleportation
 i - a scroll of silence
 k - 2 scrolls of vulnerability
 m - a scroll of magic mapping {unknown}
 A - a scroll of immolation {unknown}
Potions
 f - a potion of invisibility {unknown}
 h - a potion of might {unknown}
 n - 4 potions of curing {unknown}
 q - a potion of lignification {unknown}
 t - a potion of mutation {unknown}
 v - a potion of heal wounds
 z - a potion of cancellation


   Skills:
 + Level 6.6 Fighting
 + Level 10.4 Maces & Flails
 + Level 6.5 Armour
 + Level 2.8 Dodging


You had 7 spell levels left.
You didn't know any spells.
Your spell library contained the following spells:

 Spells                   Type           Power      Damage    Failure   Level
 Foxfire                  Conj/Fire      0%         2x1d4     100%        1
 Confusing Touch          Hex            0%         N/A       100%        3
 Conjure Flame            Conj/Fire      0%         6-21      100%        3
 Inner Flame              Hex/Fire       0%         N/A       100%        3
 Tukima's Dance           Hex            0%         N/A       100%        3
 Flame Wave               Conj/Fire      0%         2d4       100%        4
 Passage of Golubria      Tloc           0%         N/A       100%        4
 Yara's Violent Unravell  Hex/Tmut       0%         3d3       100%        5
 Enfeeble                 Hex            0%         N/A       100%        7


Dungeon Overview and Level Annotations

Branches:
Dungeon (7/15)
 Temple: D:4-7

Altars:
Elyvilon
Hepliaklqana

Shops:
D:1 *((   D:4 =


Innate Abilities, Weirdness & Mutations

You have a pair of horns on your head.
You reflexively headbutt those who attack you in melee.


Message History

An orc comes into view. It is wielding a +0 hand axe.
Things that are here:
a +0 flail; a +0 robe; a hound corpse A wight comes into view.
It is wielding a +4 battleaxe of freezing.
Things that are here:
a +0 short sword; a +0 robe; a sky beast corpse
Found a mace.
Found a stone staircase leading up.
A wight comes into view. It is wielding a +2 short sword.
You sock the wight!
The wight is heavily damaged.
The wight hits you with a +5 long sword of freezing!
The wight freezes you. The wight hits you but does no damage.
Things that are here:
a +0 short sword; a +0 robe; a sky beast corpse You sock the wight!
You destroy the wight!
Trog accepts your kill.
The wight hits you with a +4 battleaxe of freezing!
The wight freezes you.
You don't know any spells.
Your skin crawls.
You feel strong-willed.
The wight hits you with a +4 battleaxe of freezing!
You feel drained. The wight freezes you.
You barely miss the wight. Your headbutt misses the wight.
The orc hits you with a +0 hand axe.
The wight hits you with a +4 battleaxe of freezing!
The wight freezes you. The orc hits you with a +0 hand axe.
* * * LOW HITPOINT WARNING * * *
You hit the wight but do no damage.
The wight hits you with a +4 battleaxe of freezing.
* * * LOW HITPOINT WARNING * * *
The wight freezes you.
* * * LOW HITPOINT WARNING * * *
The orc hits you but does no damage.
The wight hits you with a +4 battleaxe of freezing!
* * * LOW HITPOINT WARNING * * *
You feel drained.
You die...

.. # #.# ..##..#
....... .......
)...... ###.
.......#### .....
.......z@.#......
...<..z##o......=
.................
.......####......
....... ......
<...... .#####
....... . .......
.


You could see 2 wights and an orc.

Vanquished Creatures
  Grinder (D:3)
  Eustachio (D:4)
  2 sky beasts (D:7)
  A necrophage (D:6)
  An ogre (D:5)
  Blork the orc (D:5)
  A scorpion (D:5)
  A wyvern zombie (D:4)
  A water moccasin skeleton (D:7)
  4 wights
  2 howler monkeys
  A centaur zombie (D:6)
  A hound (D:7)
  A jelly (D:6)
  Crazy Yiuf (D:5)
  A bullfrog skeleton (D:6)
  2 iguanas
  An orc wizard (D:5)
  4 gnolls (D:5)
  2 adders (D:5)
  An ufetubus (D:7)
  A worm (D:2)
  4 dart slugs
  15 orcs
  2 endoplasms
  2 giant cockroaches (D:1)
  8 goblins
  6 hobgoblins
  5 jackals
  7 quokkas
  5 ball pythons
  4 bats
  2 frilled lizards
  4 kobolds
  4 rats
100 creatures vanquished.

Vanquished Creatures (others)
  A quokka (D:6)
1 creature vanquished.

Grand Total: 101 creatures vanquished

Notes
Turn   | Place    | Note
-------+----------+-------------------------------------------
     0 | D:1      | weregamer the Minotaur Berserker began the quest for the
                  | Orb.
     0 | D:1      | Reached XP level 1. HP: 19/19 MP: 0/0
   362 | D:1      | Reached XP level 2. HP: 24/27 MP: 1/1
   424 | D:1      | Found Akow's Antique Weapon Emporium.
   431 | D:1      | Reached skill level 4 in Maces & Flails
   498 | D:1      | Found Caraw's Assorted Antiques.
   926 | D:1      | Found Jaemy's Weapon Emporium.
  1095 | D:2      | Reached XP level 3. HP: 33/33 MP: 2/2
  1097 | D:2      | Found a hazy altar of Hepliaklqana.
  1486 | D:3      | Reached ** piety under Trog
  1678 | D:3      | Noticed Grinder
  1682 | D:3      | Paralysed by Grinder for 2 turns
  1686 | D:3      | Paralysed by Grinder for 6 turns
  1710 | D:3      | Killed Grinder
  1711 | D:3      | Reached skill level 5 in Fighting
  1711 | D:3      | Reached skill level 6 in Maces & Flails
  1711 | D:3      | Reached XP level 4. HP: 41/42 MP: 3/3
  1711 | D:3      | Reached XP level 5. HP: 47/48 MP: 4/4
  1969 | D:3      | Found a faded altar of an unknown god.
  1969 | D:3      | Noticed a Brimstone Fiend
  2176 | D:4      | Found Vodor's Jewellery Shop.
  2333 | D:4      | Reached XP level 6. HP: 54/56 MP: 5/5
  2492 | D:4      | Noticed Eustachio
  2507 | D:4      | Killed Eustachio
  2508 | D:4      | Reached skill level 7 in Maces & Flails
  2822 | D:4      | Reached XP level 7. HP: 42/61 MP: 6/6
  3290 | D:5      | Entered Level 5 of the Dungeon
  3451 | D:5      | Reached skill level 8 in Maces & Flails
  3451 | D:5      | Reached skill level 5 in Armour
  3477 | D:5      | Reached *** piety under Trog
  3487 | D:5      | Noticed Blork the orc
  3493 | D:5      | Killed Blork the orc
  3922 | D:5      | Found a runed translucent door.
  3923 | D:5      | Noticed Crazy Yiuf
  3929 | D:5      | Killed Crazy Yiuf
  3930 | D:5      | Reached skill level 9 in Maces & Flails
  4213 | D:6      | Reached XP level 8. HP: 69/70 MP: 7/7
  4296 | D:6      | Found a white marble altar of Elyvilon.
  4497 | D:6      | You fall into a shaft and drop 1 floor!
  4510 | D:7      | Reached skill level 10 in Maces & Flails
  4530 | D:7      | HP: 2/69 [wight/+4 battleaxe of freezing (10)]
  4530 | D:7      | Slain by a wight

Illustrated notes

Levels and vault maps discovered:
D:1:      onia_arrival_handbag, layout_loops_ring, serial_shops,
          nicolae_shop_waterfront, nicolae_lakefront_shop, nicolae_diamond_shop,
          minmay_ruptured
D:2:      layout_basic, basic_altar, serial_glass, glass_columns_a,
          glass_columns_c, item_on_display_a, feat_on_display,
          minmay_strange_pillars
D:3:      layout_loops_ring, dreamdust_ecumenical_altar_sealed_demon,
          uniq_grinder
D:4:      layout_loops_corners, serial_shops, nicolae_lakefront_shop,
          serial_forest, infiniplex_forest_clump_tiny, infiniplex_forest_end_2,
          infiniplex_forest_straight_3, infiniplex_forest_lined_ring,
          infiniplex_forest_lined_3, infiniplex_forest_fountain,
          minmay_pentomino_pile, uniq_eustachio
D:5:      nicolae_cairo_tiling_large_dashed, layout_basic, uniq_blork_the_orc,
          uniq_crazy_yiuf_cottage
D:6:      layout_loops_ring, elyvilon_altar_4
D:7:      layout_rooms, minmay_temple_entry_fiery, serial_glass,
          glass_columns_a, glass_columns_b, hellmonk_ghost_happy_afterlife

Skill      XL: |  1  2  3  4  5  6  7  8 |
---------------+-------------------------+-----
Fighting       | 4 5 6 |  6.6
Maces & Flails | 4 6 7 9 10 | 10.4
Armour         | 3 4 5 6 |  6.5
Dodging        | |  2.8

Action                   |  1- 3 |  4- 6 |  7- 9 || total
-------------------------+-------+-------+-------++-------
Melee: Mace              |   110 |    20 |       ||   130
       Headbutt          |    11 |     7 |    12 ||    30
       Punch             |     2 |     2 |     1 ||     5
       Flail             |       |    32 |    92 ||   124
Invok: Berserk           |     1 |     1 |     2 ||     4
       Trog's Hand       |     1 |       |     3 ||     4
  Use: Potion            |     1 |     1 |       ||     2
       Scroll            |     2 |     1 |     4 ||     7
 Stab: Sleeping          |     1 |       |       ||     1
Armor: Plate armour      |    73 |    22 |    76 ||   171
       Animal skin       |     1 |       |       ||     1
Dodge: Dodged            |    39 |    26 |    30 ||    95
       Repelled          |       |     1 |       ||     1
